 Dungeon Crawl Stone Soup version 0.31-a0-234-gad7ace16ef (webtiles) character file.

Game seed: 15334688759667057764

4099 Nattfarinn the Cleaver (level 10, -15/76 HPs)
             Began as a Human Hexslinger on July 10, 2023.
             Was an Initiate of Okawaru.
             Demolished by a two-headed ogre
             ... wielding a +0 giant club
              (19 damage)
             ... on level 7 of the Dungeon.
             The game lasted 00:14:39 (6431 turns).

Nattfarinn the Cleaver (Human Hexslinger)           Turns: 6431, Time: 00:14:40

Health: -15/76     AC: 15    Str: 10    XL:     10   Next: 50%
Magic:  11/11      EV: 11    Int: 17    God:    Okawaru [......]
Gold:   370        SH:  0    Dex: 27    Spells: 10/11 levels left

rFire   x x .        b - +8 broad axe of the Desert {flame, rF- Int+3 SInv}
rCold   . . .        (no shield)
rNeg    + + .        v - +4 ring mail of the Gate {rPois rF- rN++ Dex+3}
rPois   +            E - +0 helmet
rElec   .            k - +0 cloak
rCorr   .            p - +0 pair of gloves
SInv    +            (no boots)
Will    .....        y - amulet of magic regeneration
Stlth   +            m - +6 ring of dexterity
HPRegen 0.32/turn    D - ring of flight
MPRegen 0.52/turn

%: no passive effects
@: flying
A: no striking features
a: Renounce Religion


You were on level 7 of the Dungeon.
You worshipped Okawaru.
Okawaru was noncommittal.
You visited 2 branches of the dungeon, and saw 9 of its levels.

You collected 370 gold pieces.

Inventory:

Hand Weapons
 a - a +1 sling
 b - the +8 broad axe of the Desert (weapon) {flame, rF- Int+3 SInv}
   (You found it on level 2 of the Dungeon)

   Int:       It affects your intelligence (+3).
   rF:        It makes you vulnerable to fire.
   SInv:      It lets you see invisible.
 l - a +1 hand axe of freezing
 t - a +0 shortbow
Armour
 c - a +0 robe
 k - a +0 cloak (worn)
 p - a +0 pair of gloves (worn)
 v - the +4 ring mail of the Gate (worn) {rPois rF- rN++ Dex+3}
   (You found it on level 4 of the Dungeon)

   Dex:       It affects your dexterity (+3).
   rF:        It makes you vulnerable to fire.
   rPois:     It protects you from poison.
   rN:        It greatly protects you from negative energy.
 E - a +0 helmet (worn)
Jewellery
 m - a +6 ring of dexterity (left hand)
 o - a ring of ice
 y - an amulet of magic regeneration (around neck)
 D - a ring of flight (right hand)
 G - a ring of protection from fire
Scrolls
 d - a scroll of silence
 f - 3 scrolls of teleportation
 g - a scroll of summoning
 h - a scroll of vulnerability
 i - 3 scrolls of amnesia {unknown}
 j - a scroll of fog {unknown}
 n - 2 scrolls of poison
 q - 3 scrolls of enchant weapon
 w - a scroll of blinking {unknown}
 x - 3 scrolls of revelation {unknown}
 z - 4 scrolls of identify
 A - a scroll of enchant armour {unknown}
 C - a scroll of torment {unknown}
Potions
 e - 3 potions of curing
 r - 3 potions of brilliance {unknown}
 s - a potion of might {unknown}
 u - a potion of invisibility {unknown}
 B - a potion of resistance
 F - 2 potions of attraction {unknown}


   Skills:
 + Level 6.3 Fighting
 - Level 9.0 Axes
 - Level 4.2 Ranged Weapons
 + Level 8.4 Armour
 - Level 2.0 Dodging
 - Level 1.0 Spellcasting
 - Level 3.0 Hexes
 * Level 2.2 Invocations


You had 10 spell levels left.
You knew the following spells:

 Your Spells              Type           Power      Damage    Failure   Level
a - Slow                  Hex            44%        N/A       14%         1

Your spell library contained the following spells:

 Spells                   Type           Power      Damage    Failure   Level
 Inner Flame              Hex/Fire       5%         N/A       58%         3
 Portal Projectile        Hex/Tloc       10%        N/A       58%         3
 Frozen Ramparts          Ice            0%         1d1       80%         3
 Cause Fear               Hex            5%         N/A       80%         4
 Ice Form                 Ice/Tmut       0%         N/A       99%         4
 Summon Ice Beast         Ice/Summ       Unusable   N/A       N/A         4

Dungeon Overview and Level Annotations

Branches:
Dungeon (8/15)             Temple (1/1) D:7
   Lair: D:8-11

Altars:
Ashenzari
Cheibriados
Dithmenos
Elyvilon
Fedhas
Gozag
Kikubaaqudgha
Makhleb
Nemelex Xobeh
Okawaru
Qazlal
Ru
Sif Muna
Trog
Uskayaw
Wu Jian
Xom
Yredelemnul
The Shining One

Annotations:
D:8 Erica


Message History

You slice the orc wizard!! You burn the orc wizard.
You kill the orc wizard!
Okawaru accepts your kill.
You slash the two-headed ogre! You burn the two-headed ogre.
You hit the centaur. You burn the centaur.
The two-headed ogre hits you with a +0 giant club!!
The two-headed ogre closely misses you. The centaur hits you.
The centaur kicks you but does no damage.
Your Invocations skill increases to level 2!
You completely miss the two-headed ogre.
The two-headed ogre is heavily wounded.
You slash the centaur! You burn the centaur.
The centaur hits you but does no damage.
The centaur kicks you but does no damage.
The two-headed ogre barely misses you. The two-headed ogre closely misses you.
The centaur closely misses you. The centaur kicks you.
You hit the two-headed ogre but do no damage.
The two-headed ogre is heavily wounded.
You slash the centaur! You burn the centaur.
You kill the centaur!
Okawaru accepts your kill.
The two-headed ogre hits you with a +0 giant club!!
* * * LOW HITPOINT WARNING * * *
The two-headed ogre hits you with a +0 giant club!
* * * LOW HITPOINT WARNING * * *
You slash the two-headed ogre! You burn the two-headed ogre.
The two-headed ogre is severely wounded.
Unknown command.
Okay, then.
You feel better.
The two-headed ogre hits you with a +0 giant club!
* * * LOW HITPOINT WARNING * * *
The two-headed ogre hits you with a +0 giant club.
* * * LOW HITPOINT WARNING * * *
You hit the two-headed ogre. You burn the two-headed ogre.
You punch the two-headed ogre, but do no damage.
The two-headed ogre is severely wounded.
The two-headed ogre hits you but does no damage.
The two-headed ogre hits you with a +0 giant club!!
You die...

#................####.##.)).###.
#...<............#....#####.....
#..................#### ####.#
##...............### #.#
##.............## #..
####.....##.....# ##.
#....#..###.....## #.
###.......####.)...######## #.
.............##.@O........## ##)
.###.........##).......##..####..
## #.........####....#..##.......
# #..(..^.<.# #..).......#.###.
#.........# #.##.##......###. #
##.........# #.##[.###.##....# #
#..........# #...#[###.....#.. #
#..........# ###.#.........### #
#..รท######## #.##..##....# #


You could see a two-headed ogre.

Vanquished Creatures
  4 yaks (D:5)
  Menkaure (D:4)
  Edmund (D:4)
  A water moccasin (D:7)
  2 orc warriors
  2 sky beasts (D:6)
  2 black bears
  4 ogres
  2 centaurs
  3 phantoms
  6 bullfrogs
  5 scorpions
  7 wights (D:7)
  A centaur zombie (D:3)
  4 hounds
  4 jellies
  6 orc priests
  2 sleepcaps
  4 iguanas
  3 orc wizards
  Robin (D:3)
  4 adders
  A howler monkey skeleton (D:3)
  A shadow imp (D:7)
  An ufetubus (D:6)
  2 adder zombies (D:3)
  2 worms (D:2)
  4 dart slugs
  27 orcs
  9 endoplasms
  A giant cockroach (D:1)
  12 goblins
  7 hobgoblins
  6 jackals
  2 quokkas
  11 ball pythons
  A ball python zombie (D:3)
  7 bats
  2 frilled lizards (D:2)
  7 kobolds
  8 rats
180 creatures vanquished.

Notes
Turn   | Place    | Note
-------+----------+-------------------------------------------
     0 | D:1      | Nattfarinn the Human Hexslinger began the quest for the
                  | Orb.
     0 | D:1      | Reached XP level 1. HP: 15/15 MP: 2/2
    43 | D:1      | Reached XP level 2. HP: 21/21 MP: 3/3
   244 | D:1      | Reached XP level 3. HP: 25/26 MP: 4/4
   332 | D:1      | Found a faded altar of an unknown god.
   736 | D:2      | Reached XP level 4. HP: 33/33 MP: 5/5
   851 | D:2      | Identified the +8 broad axe of the Desert {flame, rF- Int+3
                  | SInv}
  1241 | D:3      | Reached XP level 5. HP: 19/39 MP: 6/6
  1427 | D:3      | Noticed Robin
  1629 | D:3      | Killed Robin
  1633 | D:3      | Reached skill level 1 in Axes
  1940 | D:4      | Noticed a black bear
  1952 | D:4      | Killed a black bear
  1953 | D:4      | Reached skill level 2 in Axes
  1953 | D:4      | Reached skill level 1 in Armour
  1953 | D:4      | Reached XP level 6. HP: 27/46 MP: 7/7
  2039 | D:4      | Reached skill level 3 in Axes
  2257 | D:4      | Identified the +4 ring mail of the Gate {rPois rF- rN++
                  | Dex+3}
  2333 | D:4      | Reached XP level 7. HP: 49/51 MP: 8/8
  2414 | D:4      | Noticed Menkaure
  2423 | D:4      | Killed Menkaure
  2424 | D:4      | Reached skill level 4 in Axes
  2539 | D:4      | Noticed Edmund
  2576 | D:4      | Killed Edmund
  2577 | D:4      | Reached skill level 5 in Axes
  2580 | D:4      | Reached XP level 8. HP: 36/57 MP: 9/9
  3010 | D:4      | Reached skill level 6 in Axes
  3067 | D:4      | You fall into a shaft and drop 3 floors!
  3217 | D:6      | Reached skill level 7 in Axes
  3226 | D:5      | Entered Level 5 of the Dungeon
  3455 | D:5      | Noticed a yak
  3455 | D:5      | Noticed a yak
  3455 | D:5      | Noticed a yak
  3457 | D:5      | Noticed a yak
  3468 | D:5      | Killed a yak
  3469 | D:5      | Reached skill level 5 in Armour
  3475 | D:5      | Killed a yak
  3476 | D:5      | Reached XP level 9. HP: 33/62 MP: 10/10
  3483 | D:5      | Reached skill level 8 in Axes
  4062 | D:5      | Reached skill level 9 in Axes
  4276 | D:5      | Found a shadowy altar of Dithmenos.
  4341 | D:5      | Found a sparkling altar of Nemelex Xobeh.
  5175 | D:6      | Reached XP level 10. HP: 73/73 MP: 11/11
  5476 | D:7      | Reached skill level 5 in Fighting
  5809 | D:7      | Found a staircase to the Ecumenical Temple.
  5928 | Temple   | Entered the Ecumenical Temple
  6078 | Temple   | Became a worshipper of Warmaster Okawaru
  6158 | D:7      | Reached skill level 1 in Invocations
  6388 | D:8      | Noticed Erica
  6419 | D:8      | Noticed a two-headed ogre
  6430 | D:7      | HP: 3/76 [two-headed ogre/+0 giant club (4)]
  6431 | D:7      | Demolished by a two-headed ogre

Illustrated notes

Levels and vault maps discovered:
D:1:      amcnicky_arrival_blooded_trapdoor, layout_basic, serial_curves,
          eino_curves_04, eino_curves_02, shapermc_ecumenical_altar_mp_vishouse
D:2:      layout_basic
D:3:      layout_rooms, serial_undead, serial_undead_c, serial_undead_b,
          serial_undead_f, serial_undead_f, serial_undead_e, serial_undead_a,
          uniq_robin
D:4:      minmay_door_path, layout_rooms, serial_curves, eino_curves_01,
          eino_curves_04, uniq_menkaure, uniq_edmund
D:5:      layout_basic, nicolae_overflow_crystal_walls,
          mainiacjoe_overflow_surrounded_room, lemuel_flamethrower_1
D:6:      dreamdust_elfheim, layout_basic, serial_aquarium,
          aquarium_bridge_straight [aquarium_subvault_bridge,
          aquarium_subvault_wall, aquarium_subvault_bridge,
          aquarium_subvault_window], aquarium_bridge_straight
          [aquarium_subvault_bridge, aquarium_subvault_wall,
          aquarium_subvault_bridge, aquarium_subvault_wall],
          aquarium_window_fake, aquarium_window_corner, aquarium_window_corner,
          aquarium_window_2, aquarium_view_2e, aquarium_balcony_double_1,
          aquarium_pool_1, st_stairs_10
D:7:      layout_rooms, temple_hall
D:8:      layout_rooms, zin_treasury, kennysheep_generic_room_5, uniq_erica
Temple:   minmay_temple_bridge_d

Skill      XL: |  1  2  3  4  5  6  7  8  9 10 |
---------------+-------------------------------+-----
Ranged Weapons | 3 4 |  4.2
Fighting       | 2 4 6 |  6.3
Axes           | 2 3 5 7 9 |  9.0
Armour         | 1 2 3 5 7 8 |  8.4
Invocations    | 2 |  2.2
Dodging        | |  2.0
Spellcasting   | |  1.0
Hexes          | |  3.0

Action                     |  1- 3 |  4- 6 |  7- 9 | 10-12 || total
---------------------------+-------+-------+-------+-------++-------
  Melee: Broad axe         |       |    36 |   157 |    82 ||   275
         Punch             |       |     1 |     3 |     3 ||     7
   Fire: Sling             |    92 |   103 |     9 |       ||   204
   Cast: Slow              |       |     1 |     1 |       ||     2
    Use: Scroll            |       |     3 |     2 |       ||     5
         Potion            |       |       |     5 |     1 ||     6
   Stab: Sleeping          |       |       |     1 |       ||     1
 Armour: Robe              |     5 |    36 |       |       ||    41
         Ring mail         |       |     3 |    64 |    52 ||   119
         Skin              |       |       |    13 |       ||    13
  Dodge: Dodged            |    13 |    73 |   101 |    54 ||   241

Table legend: (Time is in decaauts)
 A = Elapsed time spent in this place.
 B = Non-inter-level travel time spent in this place.
 C = Inter-level travel time spent in this place.
 D = Time resting spent in this place.
 E = Time spent auto-exploring this place.
 F = Levels seen in this place.
 G = Mean time per level.
                   A        B        C        D        E       F      G
               +--------+--------+--------+--------+--------+-----+--------+
         Total |   6535 |   6140 |    395 |    636 |   4300 |   9 |  726.1 |
       Dungeon |   6366 |   5998 |    368 |    636 |   4171 |   8 |  795.8 |
        Temple |    169 |    143 |     26 |      0 |    129 |   1 |  169.0 |
               +--------+--------+--------+--------+--------+-----+--------+

Top non-repeatable levels by time:
     D:4: 1370 daAuts
     D:5: 1358 daAuts
     D:7: 875 daAuts
     D:6: 774 daAuts
     D:2: 764 daAuts
     D:1: 614 daAuts
     D:3: 597 daAuts
  Temple: 169 daAuts
     D:8: 11 daAuts
